 Dungeon Crawl Stone Soup version 0.27.1-33-g824d729ab1 (webtiles) character file.

Game seed: 9312454901500378747

13710 jlumianski the Slicer (level 12, 0/71 HPs)
             Began as a Gargoyle Monk on Dec 14, 2021.
             Was a Believer of Dithmenos.
             Slain by Rupert (3 damage)
             ... on level 12 of the Dungeon.
             The game lasted 01:21:55 (12631 turns).

jlumianski the Slicer (Gargoyle Monk)              Turns: 12631, Time: 01:21:56

Health: 0/71       AC: 23    Str: 17    XL:     12   Next: 8%
Magic:  15/16      EV: 14    Int: 14    God:    Dithmenos [**....]
Gold:   172        SH:  0    Dex: 18    Spells: 7/16 levels left

rFire    . . .     SeeInvis .   h - +3 lajatang
rCold    . . .     Faith    .   (shield currently unavailable)
rNeg     + . .     Spirit   .   V - +0 troll leather armour
rPois    ∞         Reflect  .   d - +0 helmet
rElec    +         Harm     .   n - +2 cloak
rCorr    .         Rampage  .   (no gloves)
Will     .....                  t - +0 pair of boots
Stlth    +++++.....             v - amulet of the acrobat
HPRegen  1.21/turn              i - +6 ring of dexterity
MPRegen  0.15/turn              r - +4 ring of protection

@: wreathed by umbra
A: sickness immunity, AC +8, negative energy resistance 1, electricity
resistance, torment resistance 1, petrification resistance
a: Renounce Religion, Shadow Step


You were on level 12 of the Dungeon.
You worshipped Dithmenos.
Dithmenos was pleased with you.
You visited 2 branches of the dungeon, and saw 13 of its levels.
You also visited: Bailey.

You collected 1018 gold pieces.
You spent 846 gold pieces at shops.

Inventory:

Hand Weapons
 c - a +4 short sword of electrocution
 h - a +3 lajatang (weapon)
 m - a +3 eveningstar
 w - a +2 hand axe of venom
Missiles
 p - 4 javelins
 s - 34 bolts
 y - 3 silver boomerangs
 C - 6 boomerangs of dispersal
 F - 35 poisoned darts (quivered)
 J - 57 boomerangs
 Y - a curare-tipped dart
Armour
 d - a +0 helmet (worn)
 n - a +2 cloak (worn)
 q - a +2 chain mail of poison resistance
 t - a +0 pair of boots (worn)
 V - a +0 troll leather armour (worn)
Jewellery
 i - a +6 ring of dexterity (left hand)
 r - a +4 ring of protection (right hand)
 v - an amulet of the acrobat (around neck)
 x - an amulet of reflection
 P - a ring of wizardry
 Q - a ring of flight
 X - a ring of willpower
Wands
 a - a wand of acid (3)
 z - a wand of paralysis (6)
 I - a wand of flame (9)
 U - a wand of iceblast (4)
Scrolls
 b - a scroll of summoning
 l - a scroll of amnesia
 u - a scroll of holy word
 B - 2 scrolls of fog
 E - 2 scrolls of teleportation
 T - 3 scrolls of identify
Potions
 e - 4 potions of flight
 f - a potion of cancellation
 g - 3 potions of lignification
 j - 2 potions of heal wounds
 k - a potion of resistance
 o - 5 potions of attraction
 A - 3 potions of curing
 R - 2 potions of berserk rage
 Z - a potion of invisibility


   Skills:
 + Level 6.9 Fighting
 - Level 10.6 Short Blades
 - Level 3.1 Axes
 * Level 4.6 Staves
 + Level 3.2 Throwing
 + Level 4.4 Armour
 + Level 5.0 Dodging
 + Level 7.4 Stealth
 + Level 2.8 Spellcasting
 * Level 8.0 Conjurations
 + Level 0.1 Hexes
 + Level 2.1 Fire Magic
 + Level 1.6 Invocations
 + Level 1.8 Evocations


You had 7 spell levels left.
You knew the following spells:

 Your Spells              Type           Power      Damage    Failure   Level
a - Foxfire               Conj/Fire      64%        2x1d7     3%          1
b - Dazzling Flash        Conj/Hex       26%        N/A       14%         3
c - Irradiate             Conj/Tmut      6%         3d16      80%         5

Your spell library contained the following spells:

 Spells                   Type           Power      Damage    Failure   Level
 Conjure Flame            Conj/Fire      16%        6-21      10%         3
 Pain                     Necr           8%         1d4       26%         1
 Summon Small Mammal      Summ           8%         N/A       26%         1
 Corpse Rot               Necr/Air       N/A        N/A       36%         2
 Wereblood                Tmut           2%         N/A       36%         2
 Inner Flame              Hex/Fire       5%         N/A       43%         3
 Iskenderun's Mystic Bla  Conj/Tloc      13%        2d5       45%         4
 Portal Projectile        Hex/Tloc       4%         N/A       58%         3
 Summon Guardian Golem    Hex/Summ       2%         N/A       58%         3
 Call Canine Familiar     Summ           2%         N/A       61%         3
 Leda's Liquefaction      Hex/Erth       1%         N/A       94%         4
 Dispel Undead            Necr           2%         3d7       95%         4
 Starburst                Conj/Fire      8%         6d4       99%         6
 Agony                    Necr           2%         N/A       100%        5
 Excruciating Wounds      Necr           1%         N/A       100%        5
 Death Channel            Necr           1%         N/A       100%        6
 Eringya's Noxious Bog    Tmut/Pois      1%         N/A       100%        6
 Storm Form               Tmut/Air       1%         N/A       100%        7


Dungeon Overview and Level Annotations

Branches:
Dungeon (12/15)            Temple (1/1) D:4            Lair (0/6) D:8
 Bailey (visited)
    Orc: D:9-12

Altars:
Ashenzari
Cheibriados
Dithmenos
Elyvilon
Fedhas
Gozag
Hepliaklqana
Kikubaaqudgha
Makhleb
Okawaru
Qazlal
Ru
Sif Muna
Trog
Uskayaw
Vehumet
Wu Jian
Xom
Yredelemnul
Zin
The Shining One

Shops:
D:1 =:   D:3 [(?(   D:10 :   D:11 !

Annotations:
D:12 Rupert


Innate Abilities, Weirdness & Mutations

You are immune to sickness and miasma.
Your stone body is resilient. (AC +8)
You are immune to poison.
You resist negative energy. (rN+)
You are resistant to electric shocks. (rElec)
You are resistant to unholy torment.
You are immune to petrification.


Message History

Aiming: Corrosive Bolt
Press: ? - help, Shift-Dir - straight line, f/p - Rupert
Aim: Rupert, wielding a +2 battleaxe of pain and wearing a +0 ring mail (moderately wounded, berserk, umbra, 75% to hit)
The bolt of acid hits Rupert!
Rupert is splashed with acid.
The acid corrodes Rupert!
Rupert is heavily wounded.
Rupert closely misses you.
Aiming: Corrosive Bolt
Press: ? - help, Shift-Dir - straight line, f/p - Rupert
Aim: Rupert, wielding a +2 battleaxe of pain and wearing a +0 ring mail (heavily wounded, berserk, covered in acid, umbra, 75% to hit)
The bolt of acid hits Rupert!!
Rupert is splashed with acid.
Rupert seems to be corroded for longer.
Rupert is severely wounded.
Rupert hits you with a +2 battleaxe of pain!
Rupert hits you but does no damage.
You writhe in agony.
You feel much better. Rupert hits you but does no damage.
You writhe in agony.
You closely miss Rupert.
Rupert is heavily wounded.
Rupert hits you with a +2 battleaxe of pain!
You writhe in agony.
Rupert completely misses you.
You barely miss Rupert.
Rupert is heavily wounded.
Rupert closely misses you. Rupert hits you but does no damage.
You barely miss Rupert.
Rupert is heavily wounded.
Rupert hits you with a +2 battleaxe of pain.
Rupert misses you.
You slice Rupert!!
Rupert is severely wounded.
Rupert closely misses you.
You closely miss Rupert.
Rupert is severely wounded.
Rupert hits you with a +2 battleaxe of pain.
You writhe in agony.
Rupert misses you.
You slice Rupert!!
Rupert is almost dead.
Rupert hits you with a +2 battleaxe of pain!!
* * * LOW HITPOINT WARNING * * *
You writhe in agony.
You die...

...≈≈ ........#.≈
###.≈≈#####################))≈
....≈≈≈≈≈≈≈≈≈≈≈≈≈≈≈≈≈≈≈≈≈≈≈≈≈8
....≈≈≈≈≈≈≈≈≈≈≈≈≈≈≈≈≈≈≈≈≈≈≈≈≈≈
..............................
..#.....#.....#.....#....#..
#..(..#.....#.....#....#..
#.....#.....#.....#....#..
#.....#.@@..#.....#....#).
###.....##+####.....#....#..
.........................+....#..
.......#####...#######...#....#..
.......+ #...# #...#....#..
.......# ..'...# #...#....#..
.......#...#...# #...#'####..
.......#####...# #......)....
...............###++##...........


You could see Rupert (berserk, corroded).

Vanquished Creatures
  Erolcha (D:10)
  A hydra (D:12)
  A two-headed ogre (D:9)
  A centaur warrior (D:8)
  Urug (D:11)
  Pikel (D:8)
  An orc knight (Bailey)
  A cyclops (D:12)
  2 unseen horrors
  Psyche (D:10)
  3 trolls
  A hornet (D:5)
  A vampire (D:12)
  2 wraiths
  2 wyverns (D:10)
  A basilisk (D:10)
  5 yaks (D:10)
  Eustachio (D:6)
  3 vampire mosquitoes (D:11)
  3 steam dragons
  An acid dragon (D:11)
  A water moccasin (D:8)
  9 orc warriors
  A sky beast (D:5)
  A black bear (D:5)
  2 necrophages
  An ogre (D:6)
  3 centaurs
  A phantom (D:6)
  2 lemures (D:8)
  2 kobold brigands (D:8)
  A gnoll sergeant (D:9)
  A wyvern zombie (D:5)
  2 bullfrogs
  3 scorpions
  A water moccasin zombie (D:5)
  15 killer bees
  2 water moccasin skeletons (D:5)
  15 wights
  3 electric eels
  A howler monkey (D:10)
  2 centaur zombies
  A jelly (D:5)
  4 hounds
  6 orc priests
  2 bullfrog skeletons
  4 iguanas
  6 orc wizards
  A killer bee zombie (D:8)
  13 adders
  7 gnolls
  A shadow imp (D:6)
  An adder skeleton (D:5)
  2 worms
  2 dart slugs
  31 orcs
  2 bats (D:1)
  5 endoplasms
  2 giant cockroaches
  10 goblins
  9 hobgoblins
  8 jackals
  26 kobolds
  2 quokkas (D:2)
  3 ball pythons
  3 frilled lizards
  5 rats
259 creatures vanquished.

Vanquished Creatures (others)
  An orc wizard (D:12)
  253 foxfires
254 creatures vanquished.

Grand Total: 513 creatures vanquished

Notes
Turn   | Place    | Note
-------+----------+-------------------------------------------
     0 | D:1      | jlumianski the Gargoyle Monk began the quest for the Orb.
     0 | D:1      | Reached XP level 1. HP: 14/14 MP: 1/1
   412 | D:1      | Found Qob Mala's Jewellery Shop.
   732 | D:1      | Reached XP level 2. HP: 10/19 MP: 2/2
   982 | D:1      | Found a faded altar of an unknown god.
  1070 | D:1      | Found Gonusiso's Book Boutique.
  1605 | D:2      | Reached XP level 3. HP: 22/24 MP: 3/3
  2479 | D:3      | Reached skill level 1 in Short Blades
  2479 | D:3      | Reached XP level 4. HP: 29/29 MP: 4/4
  2485 | D:3      | Found Zutuhedi's Antique Weapon Boutique.
  2534 | D:3      | Found Uxoasyin's Antique Weapon Emporium.
  2635 | D:3      | Found Pipn's Magic Scroll Shop.
  2641 | D:3      | Bought a scroll of enchant armour for 82 gold pieces
  2642 | D:3      | Bought a scroll of identify for 22 gold pieces
  2679 | D:3      | Found Vies Pog's Antique Armour Shoppe.
  2823 | D:3      | Learned a level 1 spell: Foxfire
  2948 | D:3      | Reached XP level 5. HP: 33/33 MP: 5/5
  3567 | D:4      | Reached skill level 2 in Short Blades
  3600 | D:4      | Found a hazy altar of Hepliaklqana.
  3633 | D:4      | Found a staircase to the Ecumenical Temple.
  3645 | Temple   | Entered the Ecumenical Temple
  4734 | D:5      | Entered Level 5 of the Dungeon
  4746 | D:5      | Found a hide-covered altar of Uskayaw.
  4845 | D:5      | Reached skill level 1 in Conjurations
  4857 | D:5      | Reached skill level 1 in Armour
  4857 | D:5      | Reached XP level 6. HP: 38/38 MP: 6/6
  4885 | D:5      | Reached skill level 3 in Short Blades
  4937 | D:6      | Noticed a hornet
  4948 | D:5      | Killed a hornet
  4949 | D:5      | Reached skill level 4 in Short Blades
  4949 | D:5      | Reached XP level 7. HP: 27/43 MP: 7/7
  4983 | D:5      | Found an iron altar of Okawaru.
  5311 | D:4      | Reached skill level 5 in Short Blades
  5320 | D:4      | Reached XP level 8. HP: 48/48 MP: 8/8
  5386 | D:5      | Found a bloodstained altar of Trog.
  5512 | D:5      | Reached skill level 6 in Short Blades
  5637 | D:5      | Found a radiant altar of Vehumet.
  5777 | D:5      | Found a shadowy altar of Dithmenos.
  5780 | D:5      | Became a worshipper of Dithmenos the Shadowed
  5780 | D:5      | Reached * piety under Dithmenos
  5780 | D:5      | Reached ** piety under Dithmenos
  5920 | D:6      | Found a glowing golden altar of the Shining One.
  6090 | D:6      | Learned a level 3 spell: Dazzling Flash
  6269 | D:6      | Noticed Eustachio
  6292 | D:6      | Killed Eustachio
  6293 | D:6      | Reached skill level 7 in Short Blades
  6293 | D:6      | Reached XP level 9. HP: 51/53 MP: 9/9
  6689 | D:6      | Found an ornate altar of the Wu Jian Council.
  6698 | D:6      | Noticed a spectral centipede
  6841 | D:7      | Reached skill level 5 in Stealth
  6997 | D:8      | Reached skill level 5 in Fighting
  6997 | D:8      | Reached skill level 8 in Short Blades
  7151 | D:8      | Reached skill level 1 in Spellcasting
  7172 | D:8      | Found a staircase to the Lair.
  7288 | D:8      | Killed an unseen horror
  7289 | D:8      | Reached skill level 5 in Conjurations
  7510 | D:8      | Found a flagged portal.
  7521 | Bailey   | Entered a bailey
  7602 | Bailey   | Identified the +1 scale mail of the Spider Nest {rF+ rN+
                  | Str+9 Slay-3}
  7613 | Bailey   | Noticed an orc knight
  7792 | Bailey   | Reached *** piety under Dithmenos
  8281 | Bailey   | Reached skill level 1 in Fire Magic
  8516 | Bailey   | Killed an orc knight
  8517 | Bailey   | Reached skill level 1 in Throwing
  8517 | Bailey   | Reached XP level 10. HP: 54/59 MP: 1/13
  8525 | Bailey   | Reached skill level 1 in Evocations
  8983 | D:8      | You fall into a shaft and drop 3 floors!
  9099 | D:10     | Entered Level 10 of the Dungeon
  9130 | D:10     | Noticed Psyche
  9144 | D:10     | Killed Psyche
  9200 | D:10     | Found an opulent altar of Gozag.
  9200 | D:10     | Found a stormy altar of Qazlal.
  9227 | D:10     | Reached skill level 1 in Invocations
  9262 | D:10     | Reached skill level 9 in Short Blades
  9355 | D:9      | Noticed a two-headed ogre
  9360 | D:9      | HP: 1/59 [two-headed ogre (29)]
  9382 | D:9      | Found a glowing silver altar of Zin.
  9391 | D:9      | Killed a two-headed ogre
  9673 | D:8      | Noticed a centaur warrior
  9686 | D:8      | Killed a centaur warrior
  9687 | D:8      | Reached XP level 11. HP: 62/64 MP: 13/15
  9737 | D:8      | Found a shimmering altar of Xom.
  9923 | D:8      | Noticed Pikel
  9962 | D:8      | Killed Pikel
 10034 | D:8      | Reached skill level 10 in Short Blades
 11226 | D:10     | Found Zoreog's Book Shop.
 11234 | D:10     | Bought Sif Muna's Catalogue of Nocuous Transmigration for
                  | 672 gold pieces
 11240 | D:10     | Learned a level 5 spell: Irradiate
 11359 | D:10     | Noticed Erolcha
 11364 | D:10     | Killed Erolcha
 11746 | D:11     | Reached skill level 1 in Staves
 11779 | D:11     | Found Qocus's Distillery.
 11782 | D:11     | Noticed Urug
 11787 | D:11     | Bought a potion of heal wounds for 70 gold pieces
 11794 | D:11     | Killed Urug
 12118 | D:12     | Noticed a six-headed hydra
 12138 | D:12     | Killed a six-headed hydra
 12139 | D:12     | Reached skill level 5 in Dodging
 12184 | D:12     | Reached XP level 12. HP: 54/71 MP: 16/16
 12608 | D:12     | Noticed Rupert
 12619 | D:12     | Paralysed by Rupert for 4 turns
 12631 | D:12     | HP: 3/71 [Rupert (22)]
 12631 | D:12     | Slain by Rupert

Illustrated notes

Levels and vault maps discovered:
D:1:      scummos_arrival_star, layout_loops_ring, serial_shops,
          nicolae_shop_statue_plus, nicolae_shop_statue_plus,
          shapermc_ecumenical_altar_notcrosses, serial_forest,
          infiniplex_forest_lined_room_2, infiniplex_forest_lined_room_3,
          infiniplex_forest_corner_2, infiniplex_forest_lined_3_way,
          infiniplex_forest_clump_small, dk_noncrumbling_3
D:2:      layout_loops_ring, hangedman_decor_clover_reticule
D:3:      corexii_shack_village, layout_basic, serial_shops, shop_statue,
          nicolae_shop_trees, shop, shop_fountains
D:4:      layout_layer_cave, mainiacjoe_overflow_24_doors,
          minmay_temple_entry_large_hall
D:5:      minmay_diamond_boxcup, layout_loops_ring,
          mainiacjoe_overflow_small_starburst, nicolae_uskayaw_dance_hall,
          lemuel_tele_altar, mainiacjoe_overflow_swirl
D:6:      layout_loops_ring, pdpol_wu_jian_five_deadly_venoms,
          mainiacjoe_overflow_alcove_1, uniq_eustachio
D:7:      layout_loops_ring, nemelex_xobeh_ov_fountains_minmay
D:8:      minmay_opposing_rooms, layout_basic, overflow_temple_1_default,
          lair_entry_dummy, enter_bailey_6, minivault_4, uniq_pikel
D:9:      layout_layer_cave, lemuel_round_altar, nrook_pool_corridor
D:10:     layout_irregular_city, jmf_multi_god_temple, serial_shops,
          nicolae_shop_temple_entry_statues_fountains, minivault_22,
          grunt_decor_junction, uniq_erolcha, uniq_psyche
D:11:     layout_rooms, gauntlet_entry_generic, serial_shops,
          nicolae_diamond_shop, uniq_urug
D:12:     layout_irregular_city, erik_orc_2, uniq_rupert
Temple:   grunt_temple_mini_profane

Skill      XL: |  1  2  3  4  5  6  7  8  9 10 11 12 |
---------------+-------------------------------------+-----
Axes           | 3 |  3.1
Short Blades   | 1 2 4 5 7 8 9 10 | 10.6
Stealth        | 3 4 5 6 7 |  7.4
Fighting       | 4 5 6 |  6.9
Conjurations   | 1 2 3 4 5 7 8 |  8.0
Armour         | 1 2 3 4 |  4.4
Dodging        | 3 4 5 |  5.0
Spellcasting   | 2 |  2.8
Fire Magic     | 1 2 |  2.1
Throwing       | 1 3 |  3.2
Evocations     | 1 |  1.8
Invocations    | 1 |  1.6
Staves         | 4 |  4.6
Hexes          | |  0.1

Action                   |  1- 3 |  4- 6 |  7- 9 | 10-12 || total
-------------------------+-------+-------+-------+-------++-------
Melee: Hand axe          |    55 |       |    10 |       ||    65
       Short sword       |    37 |    97 |   226 |   335 ||   695
       Lajatang          |       |       |       |   111 ||   111
Throw: Dart              |       |       |    14 |     9 ||    23
       Boomerang         |       |       |    25 |     2 ||    27
       Stone             |       |       |     1 |       ||     1
 Cast: Foxfire           |       |     2 |    94 |    37 ||   133
       Dazzling Flash    |       |       |       |     1 ||     1
Invok: Shadow Step       |       |       |       |    10 ||    10
Evoke: Wand              |       |       |    11 |     6 ||    17
  Use: Scroll            |     8 |     6 |     8 |     4 ||    26
       Potion            |       |     2 |     1 |     3 ||     6
 Stab: Sleeping          |     8 |     2 |     4 |     8 ||    22
       Distracted        |     1 |       |       |       ||     1
       Invisible         |       |       |       |     1 ||     1
Armor: Robe              |    30 |     5 |       |       ||    35
       Ring mail         |       |    44 |   122 |       ||   166
       Steam dragon scal |       |       |    33 |    37 ||    70
       Troll leather arm |       |       |       |   194 ||   194
Dodge: Dodged            |    50 |    50 |   292 |   478 ||   870
